[Event "21st Open Gran Hotel Bali-B 2024"]
[Site "Benidorm"]
[Date "2024.11.30"]
[Round "3.1"]
[White "Robledo Sanchez, Saul"]
[Black "Garcia Navarro, Jose Jesus"]
[Result "1/2-1/2"]
[ECO "B38"]
[WhiteElo "1996"]
[BlackElo "1929"]
[Annotator "NA RC"]
[PlyCount "57"]
[EventDate "2024.11.26"]
[EventType "swiss"]
[EventCountry "ESP"]
[SourceTitle "playchess.com"]
[Source "ChessBase"]
[SourceQuality "1"]
[TimeControl "5400+30"]

1. e4 c5 2. Nf3 g6 3. d4 cxd4 4. Nxd4 Bg7 5. c4 Nc6 6. Be3 d6 7. Nc3 f5 8. exf5 gxf5 9. Qh5+ Kf8 10. Nxf5 Bxc3+ 11. bxc3 Qa5 12. Bh6+ Nxh6 13. Qxh6+ Ke8 14. Ng7+ Kd8 15. Kd2 Qb6 16. Rc1 Qxf2+ 17. Be2 Bg4 18. Rce1 Ne5 19. Rhf1 Nxc4+ 20. Kc1 Qe3+ 21. Qxe3 Nxe3 22. Rf7 Bxe2 23. Rxe2 Nd5 24. Kb2 Rc8 25. Re4 b5 26. a4 a6 27. axb5 axb5 28. h3 Kd7 29. Nf5 1/2-1/2

[Event "21st Open Gran Hotel Bali-B 2024"]
[Site "Benidorm"]
[Date "2024.11.30"]
[Round "3.2"]
[White "Johansen, Lars"]
[Black "Bukharkov, Stepan"]
[Result "1/2-1/2"]
[ECO "B12"]
[WhiteElo "1920"]
[BlackElo "1991"]
[Annotator "NA RC"]
[PlyCount "103"]
[EventDate "2024.11.26"]
[EventType "swiss"]
[EventCountry "ESP"]
[SourceTitle "playchess.com"]
[Source "ChessBase"]
[SourceQuality "1"]
[TimeControl "5400+30"]

1. e4 c6 2. d4 d5 3. e5 c5 4. dxc5 e6 5. a3 Bxc5 6. b4 Bb6 7. Qg4 Ne7 8. Bd3 Ng6 9. h4 Qc7 10. Bb2 Nc6 11. Nf3 Bd7 12. Qg5 d4 13. Bxg6 hxg6 14. h5 Qd8 15. Qg4 Qe7 16. Nbd2 gxh5 17. Rxh5 Rxh5 18. Qxh5 O-O-O 19. O-O-O Be8 20. Qg4 d3 21. Ne4 dxc2 22. Rxd8+ Kxd8 23. Qxg7 Qd7 24. Nd6 Bxf2 25. Ng5 Be3+ 26. Kxc2 Bxg5 27. Qxg5+ Ne7 28. Qd2 Nd5 29. Kb1 f6 30. Nxe8 Kxe8 31. exf6 Nxf6 32. Qxd7+ Nxd7 33. Bd4 a6 34. Kc2 e5 35. Bc3 Ke7 36. Kd3 Ke6 37. g4 Kd5 38. g5 Nf8 39. Bb2 Ne6 40. Bc1 e4+ 41. Ke2 Ke5 42. g6 Kf6 43. g7 Nxg7 44. Bb2+ Kf7 45. Bxg7 Kxg7 46. Ke3 Kf6 47. Kxe4 Ke6 48. Kd4 Kd6 49. a4 a5 50. bxa5 Kc7 51. Kc5 Kb8 52. Kb6 1/2-1/2

[Event "21st Open Gran Hotel Bali-B 2024"]
[Site "Benidorm"]
[Date "2024.11.30"]
[Round "3.3"]
[White "Banegas Gomez, Ricardo"]
[Black "Allabatre, Steeve"]
[Result "1-0"]
[ECO "C84"]
[WhiteElo "1984"]
[BlackElo "1926"]
[Annotator "NA RC"]
[PlyCount "79"]
[EventDate "2024.11.26"]
[EventType "swiss"]
[EventCountry "ESP"]
[SourceTitle "playchess.com"]
[Source "ChessBase"]
[SourceQuality "1"]
[TimeControl "5400+30"]

1. e4 e5 2. Nf3 Nc6 3. Bb5 a6 4. Ba4 Nf6 5. d4 exd4 6. O-O Be7 7. e5 Nd5 8. c3 Nb6 9. cxd4 Nxa4 10. Qxa4 d5 11. exd6 Qxd6 12. Nc3 O-O 13. d5 Nb4 14. Re1 Bf5 15. Nd4 Bg6 16. g3 Nd3 17. Rf1 Bf6 18. Be3 b5 19. Qa5 Nxb2 20. Nce2 Nc4 21. Qc3 Qxd5 22. Nf4 Qe5 23. Qb3 Be4 24. Rad1 c5 25. Nde2 Rad8 26. Bc1 Bb7 27. Rde1 Rfe8 28. f3 Qd6 29. Rd1 Qc6 30. Rxd8 Rxd8 31. Nh5 Be7 32. g4 g6 33. Nhg3 Ne5 34. Ne4 c4 35. Qc3 Nxf3+ 36. Qxf3 Qe6 37. N2g3 Bc5+ 38. Kg2 Rd3 39. Nf6+ Qxf6 40. Qxb7 1-0

[Event "21st Open Gran Hotel Bali-B 2024"]
[Site "Benidorm"]
[Date "2024.11.30"]
[Round "3.4"]
[White "Hamilton, Douglas G"]
[Black "Westerweele, Henrik"]
[Result "1/2-1/2"]
[ECO "A03"]
[WhiteElo "2032"]
[BlackElo "1983"]
[Annotator "NA RC"]
[PlyCount "57"]
[EventDate "2024.11.26"]
[EventType "swiss"]
[EventCountry "ESP"]
[SourceTitle "playchess.com"]
[Source "ChessBase"]
[SourceQuality "1"]
[TimeControl "5400+30"]

1. f4 e6 2. Nf3 d5 3. e3 c5 4. b3 Nc6 5. Bb5 Bd7 6. Bb2 Nf6 7. O-O Be7 8. c4 a6 9. Bxc6 Bxc6 10. Ne5 Qb6 11. d3 dxc4 12. Nxc4 Qa7 13. Qe2 Rd8 14. Nc3 b5 15. Ne5 Qb7 16. Nxc6 Qxc6 17. e4 c4 18. dxc4 b4 19. Na4 Nxe4 20. Rfd1 Rxd1+ 21. Rxd1 Bf6 22. Bxf6 Nxf6 23. Qd3 O-O 24. Qd6 Qe4 25. Qd4 Qe2 26. Qd2 Qh5 27. Re1 Qa5 28. Rd1 Qc7 29. Qd6 1/2-1/2

[Event "21st Open Gran Hotel Bali-B 2024"]
[Site "Benidorm"]
[Date "2024.11.30"]
[Round "3.5"]
[White "Kvendseth, Thyra"]
[Black "Carruana Fuentes, Rafael"]
[Result "1-0"]
[ECO "A29"]
[WhiteElo "1975"]
[BlackElo "1913"]
[Annotator "NA RC"]
[PlyCount "85"]
[EventDate "2024.11.26"]
[EventType "swiss"]
[EventCountry "ESP"]
[SourceTitle "playchess.com"]
[Source "ChessBase"]
[SourceQuality "1"]
[TimeControl "5400+30"]

1. c4 e5 2. g3 Nf6 3. Bg2 d5 4. cxd5 Nxd5 5. Nc3 Nb6 6. Nf3 Nc6 7. d3 Be7 8. O-O O-O 9. a3 Be6 10. b4 a5 11. b5 Nd4 12. Nd2 Nd5 13. Bb2 Nxc3 14. Bxc3 Bd5 15. a4 Bxg2 16. Kxg2 f6 17. e3 Qd5+ 18. Kg1 Ne6 19. Qb3 Rfd8 20. Rfd1 Nc5 21. Qxd5+ Rxd5 22. Nc4 b6 23. d4 Rad8 24. Re1 Ne4 25. Bb2 Bb4 26. Rec1 exd4 27. exd4 Ng5 28. Ne3 R5d7 29. Kg2 Ne4 30. Rc6 Nd2 31. Rac1 Nb3 32. R1c4 Nxd4 33. Rxc7 Nb3 34. Rxd7 Rxd7 35. Rc6 Nc5 36. Nc4 Nxa4 37. Nxb6 Nxb6 38. Rxb6 Bc5 39. Rc6 Rd2 40. Bc3 Rxf2+ 41. Kh3 Bb4 42. Bxb4 axb4 43. b6 1-0

[Event "21st Open Gran Hotel Bali-B 2024"]
[Site "Benidorm"]
[Date "2024.11.30"]
[Round "3.6"]
[White "Valdenebro Orihuel, Miguel"]
[Black "Lloret Climent, Miguel"]
[Result "1/2-1/2"]
[ECO "A46"]
[WhiteElo "1914"]
[BlackElo "1975"]
[Annotator "NA RC"]
[PlyCount "54"]
[EventDate "2024.11.26"]
[EventType "swiss"]
[EventCountry "ESP"]
[SourceTitle "playchess.com"]
[Source "ChessBase"]
[SourceQuality "1"]
[TimeControl "5400+30"]

1. e4 c5 2. Nf3 e6 3. d4 cxd4 4. Nxd4 a6 5. g3 Qc7 6. Bg2 Nf6 7. O-O d6 8. b3 Be7 9. Bb2 Bd7 10. c4 Nc6 11. a4 O-O 12. Re1 Rad8 13. Nxc6 Bxc6 14. Qc2 Nd7 15. b4 b6 16. Nd2 Bf6 17. Bxf6 Nxf6 18. Nb3 Bb7 19. Qe2 Nd7 20. Rac1 Rc8 21. f4 Rfe8 22. Qd2 Red8 23. Qe2 h6 24. Red1 Nf6 25. Re1 Nd7 26. Red1 Nf6 27. a5 Qc6 1/2-1/2

[Event "21st Open Gran Hotel Bali-B 2024"]
[Site "Benidorm"]
[Date "2024.11.30"]
[Round "3.7"]
[White "Ochoa Aldaz, Mikel"]
[Black "Ionita, Emilian-Paul"]
[Result "1/2-1/2"]
[ECO "B20"]
[WhiteElo "1902"]
[BlackElo "1968"]
[Annotator "NA RC"]
[PlyCount "50"]
[EventDate "2024.11.26"]
[EventType "swiss"]
[EventCountry "ESP"]
[SourceTitle "playchess.com"]
[Source "ChessBase"]
[SourceQuality "1"]
[TimeControl "5400+30"]

1. e4 c5 2. c4 g6 3. Nf3 Bg7 4. Nc3 Nc6 5. Be2 e6 6. O-O Nge7 7. d3 d5 8. Bg5 d4 9. Nb1 h6 10. Bf4 g5 11. Bg3 Ng6 12. Nfd2 e5 13. Bh5 Qf6 14. a3 O-O 15. Bg4 a5 16. Bxc8 Rfxc8 17. Qg4 b6 18. Nf3 Re8 19. Nbd2 Nf4 20. Bxf4 Qxf4 21. h3 Qxg4 22. hxg4 Bf8 23. Rfd1 Bd6 24. Nf1 Re6 25. Ng3 Bf8 1/2-1/2

[Event "21st Open Gran Hotel Bali-B 2024"]
[Site "Benidorm"]
[Date "2024.11.30"]
[Round "3.8"]
[White "Perez Garcia, Juan Angel"]
[Black "Conde Chamizo, Pablo"]
[Result "0-1"]
[ECO "D02"]
[WhiteElo "1898"]
[BlackElo "1965"]
[Annotator "NA RC"]
[PlyCount "126"]
[EventDate "2024.11.26"]
[EventType "swiss"]
[EventCountry "ESP"]
[SourceTitle "playchess.com"]
[Source "ChessBase"]
[SourceQuality "1"]
[TimeControl "5400+30"]

1. d4 Nf6 2. Bf4 e6 3. Nf3 c5 4. e3 d5 5. c3 Bd6 6. Bg3 Nc6 7. Nbd2 O-O 8. Bd3 b6 9. Ne5 Qc7 10. f4 Bb7 11. Bh4 Ne8 12. Qh5 g6 13. Qg4 Ng7 14. Qf3 f6 15. Ng4 Be7 16. Nh6+ Kh8 17. Qh3 e5 18. O-O exd4 19. cxd4 cxd4 20. e4 dxe4 21. Nxe4 Rad8 22. f5 Bc8 23. Bg3 Ne5 24. Rac1 Qb8 25. Rxc8 Qxc8 26. Bxe5 fxe5 27. f6 Qxh3 28. gxh3 Bxf6 29. Rxf6 Nh5 30. Rc6 Nf4 31. Bc4 d3 32. Nf7+ Rxf7 33. Bxf7 d2 34. Bb3 Ne2+ 35. Kf2 Nd4 36. Rd6 Rxd6 37. Nxd6 Nxb3 38. Ke2 Nd4+ 39. Kxd2 Kg7 40. Nc8 Nc6 41. Ke3 Kf6 42. Nd6 Ke6 43. Ne4 h6 44. a3 Nd4 45. Nc3 Nf5+ 46. Kd3 Nd6 47. b3 Kf5 48. Ke3 e4 49. Nd5 Ke5 50. Nc3 Nf5+ 51. Kd2 Kf4 52. Nd5+ Kf3 53. Ke1 e3 54. Nc3 Nd4 55. b4 Nc2+ 56. Kd1 Nxa3 57. Ne2 a5 58. bxa5 bxa5 59. Ke1 Nc2+ 60. Kd1 Nb4 61. Ke1 Nd3+ 62. Kd1 a4 63. Nd4+ Kf2 0-1

[Event "21st Open Gran Hotel Bali-B 2024"]
[Site "Benidorm"]
[Date "2024.11.30"]
[Round "3.9"]
[White "Seleznev, Egor"]
[Black "Fernandez Alonso, Miguel Angel"]
[Result "1/2-1/2"]
[ECO "A48"]
[WhiteElo "1894"]
[BlackElo "1960"]
[Annotator "NA RC"]
[PlyCount "78"]
[EventDate "2024.11.26"]
[EventType "swiss"]
[EventCountry "ESP"]
[SourceTitle "playchess.com"]
[Source "ChessBase"]
[SourceQuality "1"]
[TimeControl "5400+30"]

1. d4 Nf6 2. Bf4 g6 3. e3 Bg7 4. Nf3 d6 5. Be2 O-O 6. O-O Nh5 7. Bg5 h6 8. Bh4 g5 9. Nfd2 gxh4 10. Bxh5 h3 11. f4 c5 12. c3 hxg2 13. Kxg2 Nd7 14. Ne4 f5 15. Ng3 Nf6 16. Bf3 Rb8 17. Qb3+ Kh8 18. Rd1 Qc7 19. c4 Bd7 20. d5 b5 21. Nc3 bxc4 22. Qc2 Qa5 23. Rd2 Ng4 24. Re2 Rxb2 25. Qxb2 Bxc3 26. Qc1 Bxa1 27. Qxa1+ c3 28. Bxg4 fxg4 29. Rc2 Kg8 30. Rxc3 Rb8 31. Nh5 Kf7 32. Rb3 Qd2+ 33. Kg1 Rg8 34. Qb1 Rg6 35. e4 Ba4 36. Rb7 a6 37. e5 Qe3+ 38. Kh1 Qf3+ 39. Kg1 Qe3+ 1/2-1/2

[Event "21st Open Gran Hotel Bali-B 2024"]
[Site "Benidorm"]
[Date "2024.11.30"]
[Round "3.10"]
[White "Santamaria Baeza, Adolfo"]
[Black "Bartakke Aditya"]
[Result "0-1"]
[ECO "B50"]
[WhiteElo "1863"]
[BlackElo "1957"]
[Annotator "NA RC"]
[PlyCount "82"]
[EventDate "2024.11.26"]
[EventType "swiss"]
[EventCountry "ESP"]
[SourceTitle "playchess.com"]
[Source "ChessBase"]
[SourceQuality "1"]
[TimeControl "5400+30"]

1. e4 c5 2. Nf3 d6 3. Bc4 Nf6 4. Nc3 Nc6 5. d3 e6 6. Bg5 Be7 7. O-O a6 8. a3 O-O 9. Qd2 b5 10. Bb3 Bb7 11. Ne2 Qc7 12. c3 c4 13. Bc2 cxd3 14. Bxd3 Na5 15. Qc2 e5 16. Bxf6 Bxf6 17. Ng3 g6 18. h4 h5 19. Rad1 Qe7 20. Be2 Rfd8 21. a4 Bc6 22. axb5 axb5 23. Qd2 Bxh4 24. Qh6 Bf6 25. Qe3 h4 26. Nh1 Kg7 27. g4 g5 28. Kh2 Nc4 29. Bxc4 bxc4 30. Nd2 Qe6 31. f3 Ra2 32. Qb6 d5 33. Nxc4 dxe4 34. Rxd8 Qxc4 35. Rdd1 exf3 36. Kh3 Bd7 37. Rg1 Be6 38. Rd2 Qf4 39. Rf2 e4 40. Qc6 Be5 41. Qb7 Ra1 0-1

[Event "21st Open Gran Hotel Bali-B 2024"]
[Site "Benidorm"]
[Date "2024.11.30"]
[Round "3.11"]
[White "Picazo Gonzalez, Alejandro"]
[Black "Rionda Medio, Angel Arturo"]
[Result "1-0"]
[ECO "C45"]
[WhiteElo "1956"]
[BlackElo "1904"]
[Annotator "NA"]
[PlyCount "51"]
[EventDate "2024.11.26"]
[EventType "swiss"]
[EventCountry "ESP"]
[SourceTitle "playchess.com"]
[Source "ChessBase"]
[SourceQuality "1"]
[TimeControl "5400+30"]

1. e4 e5 2. Nf3 Nc6 3. d4 exd4 4. Nxd4 Bc5 5. Be3 Qf6 6. c3 Nge7 7. Bc4 Nxd4 8. cxd4 Bb4+ 9. Nc3 O-O 10. O-O d6 11. f4 Bxc3 12. bxc3 Nc6 13. Bd3 Qe7 14. f5 f6 15. Rf3 Bd7 16. Rg3 Kh8 17. Qh5 Be8 18. Qh4 Rg8 19. Bc4 g5 20. fxg6 Rxg6 21. Rf1 Rxg3 22. hxg3 Bg6 23. Rxf6 Qxe4 24. Qh6 Qe8 25. Bg5 d5 26. Rxg6 1-0

[Event "21st Open Gran Hotel Bali-B 2024"]
[Site "Benidorm"]
[Date "2024.11.30"]
[Round "3.12"]
[White "Van Haaften, Maarten"]
[Black "Anguas Fanlo, Sergio"]
[Result "0-1"]
[ECO "B06"]
[WhiteElo "1954"]
[BlackElo "1897"]
[Annotator "NA RC"]
[PlyCount "64"]
[EventDate "2024.11.26"]
[EventType "swiss"]
[EventCountry "ESP"]
[SourceTitle "playchess.com"]
[Source "ChessBase"]
[SourceQuality "1"]
[TimeControl "5400+30"]

1. e4 g6 2. d4 Bg7 3. Nf3 d6 4. Be3 a6 5. Be2 b5 6. c3 Bb7 7. Qc2 Nd7 8. O-O Rc8 9. a4 c6 10. Nbd2 Ngf6 11. e5 Nd5 12. e6 fxe6 13. Ng5 Nf8 14. Bg4 Qd7 15. Qe4 Nf6 16. Qf4 h6 17. Ngf3 g5 18. Qg3 h5 19. Bxh5+ Nxh5 20. Qxg5 Bf6 21. Qg4 e5 22. Qe4 Rg8 23. dxe5 c5 24. e6 Nxe6 25. Qh7 Rh8 26. Qg6+ Kd8 27. axb5 axb5 28. Ra7 Qc6 29. Nb3 Qb6 30. Rfa1 Kc7 31. Qe4 Nhg7 32. R1a6 Qxa6 0-1